 Dungeon Crawl Stone Soup version 0.25.1-1-g288607f5aa (webtiles) character file.

Game seed: 16607198498294581498

196 Kold the Insei (level 5, 0/33 HPs)
             Began as an Octopode Transmuter on July 25, 2020.
             Succumbed to a scorpion's poison
             ... on level 3 of the Dungeon.
             The game lasted 00:03:17 (3907 turns).

Kold the Insei (Octopode Transmuter)                Turns: 3907, Time: 00:03:18

Health: 0/33       AC:  1    Str: 10    XL:     5   Next: 75%
Magic:  8/8        EV: 13    Int: 16    God:
Gold:   84         SH:  0    Dex: 12    Spells: 2/8 levels left

rFire    . . .     SeeInvis .     - Unarmed
rCold    . . .     Gourm    .   (no shield)
rNeg     . . .     Faith    .   (helmet restricted)
rPois    .         Spirit   .   g - amulet of the acrobat
rElec    .         Reflect  .   (no ring)
rCorr    .         Harm     .   (no ring)
MR       .....                  (no ring)
Stlth    +++.......             (no ring)
HPRegen  0.11/turn              (no ring)
MPRegen  0.11/turn              (no ring)
                                (no ring)
                                (no ring)

@: lethally poisoned (0 -> -7), appendage (expiring)
A: almost no armour, stealthy swim, amphibious, 8 rings, constrict 8, tentacle
spike 3, camouflage 1, gelatinous body 1
a: End Transformation


You were on level 3 of the Dungeon.
You were not hungry.
One of your tentacles had a temporary spike.
You visited 1 branch of the dungeon, and saw 3 of its levels.

You collected 84 gold pieces.

Inventory:

Missiles
 a - 36 arrows
Jewellery
 g - an amulet of the acrobat (around mantle)
Scrolls
 b - 2 scrolls of immolation {unknown}
 d - 3 scrolls of teleportation
 e - 2 scrolls of identify
 f - 2 scrolls of fear {unknown}
 h - a scroll of amnesia {unknown}
 k - a scroll of blinking {unknown}
 l - 2 scrolls of remove curse {unknown}
 m - a scroll of enchant armour {unknown}
Comestibles
 c - 3 rations


   Skills:
 - Level 1.0 Fighting
 - Level 2.0 Dodging
 - Level 2.0 Stealth
 + Level 4.6 Unarmed Combat
 - Level 2.0 Spellcasting
 + Level 4.0 Transmutations
 + Level 1.3 Poison Magic


You had 2 spell levels left.
You knew the following spells:

 Your Spells              Type           Power        Failure   Level  Hunger
a - Beastly Appendage     Tmut           ##....       4%          1    #......
b - Sticks to Snakes      Tmut           ##......     6%          2    ###....
c - Spider Form           Tmut/Pois      ##........   21%         3    ###....

Your spell library contained the following spells:

 Spells                   Type           Power        Failure   Level  Hunger
 Ice Form                 Ice/Tmut       #.......     65%         4    #####..
 Blade Hands              Tmut           ##........   73%         5    ######.


Dungeon Overview and Level Annotations

Branches:
Dungeon (3/15)

Altars:
Nemelex Xobeh


Innate Abilities, Weirdness & Mutations

You cannot wear most types of armour.
You are very stealthy in the water. (Stealth+)
You are amphibious.
You can wear up to eight rings at the same time.
You can use your tentacles to constrict eight enemies at once.
Your skin changes colour to match your surroundings (Stealth+).
Your rubbery body absorbs attacks. (AC +1, EV +1)
One of your tentacles bears a large vicious spike.


Message History

The scorpion is heavily wounded.
Your transformation is almost over.
You constrict the scorpion, but do no damage.
The scorpion stings you.
You are poisoned.
The scorpion poisons you!
You tentacle-slap the scorpion.
The scorpion is heavily wounded.
You constrict the scorpion.
You feel sick. The scorpion stings you!
* * * LOW HITPOINT WARNING * * *
You tentacle-slap the scorpion.
The scorpion is severely wounded.
You constrict the scorpion.
* * * LOW HITPOINT WARNING * * *
You feel sick. The scorpion barely misses you.
You tentacle-slap the scorpion.
You pierce the scorpion, but do no damage.
The scorpion is almost dead.
You constrict the scorpion.
You die...

### ... .. #.##
..# #
#############.#.#
#........@sl....#
#.############.##
##### #.# ..s
....# #.# .##..
....# #.# .. )#
....# #.#### #l #
....# #.##.. S.
##### #.##.# #.
#.##.#


You could see a scorpion and a frilled lizard.

Vanquished Creatures
  An orc priest (D:3)
  An orc wizard (D:3)
  Natasha (D:3)
  6 adders (D:2)
  3 worms
  2 dart slugs (D:2)
  2 orcs (D:3)
  A ball python (D:1)
  5 bats
  6 giant cockroaches
  A goblin (D:3)
  3 hobgoblins
  8 jackals (D:1)
  A quokka (D:3)
  3 frilled lizards
  5 kobolds
  5 rats
54 creatures vanquished.

Notes
Turn   | Place    | Note
-------+----------+-------------------------------------------
     0 | D:1      | Kold the Octopode Transmuter began the quest for the Orb.
     0 | D:1      | Reached XP level 1. HP: 13/13 MP: 3/3
   152 | D:1      | Reached skill level 1 in Stealth
   159 | D:1      | Reached XP level 2. HP: 18/18 MP: 5/5
  1103 | D:1      | Reached XP level 3. HP: 19/23 MP: 4/6
  1617 | D:2      | Reached XP level 4. HP: 22/28 MP: 5/7
  2544 | D:2      | Found a sparkling altar of Nemelex Xobeh.
  3218 | D:3      | Noticed Natasha
  3226 | D:3      | Killed Natasha
  3226 | D:3      | Reached XP level 5. HP: 30/33 MP: 6/8
  3238 | D:3      | Learned a level 2 spell: Sticks to Snakes
  3242 | D:3      | Learned a level 3 spell: Spider Form
  3311 | D:3      | HP: 1/33 [orc/+0 hand axe (6)]
  3313 | D:3      | Reached skill level 1 in Poison Magic
  3906 | D:3      | HP: 1/33 [poisoned by a scorpion]
  3907 | D:3      | Succumbed to a scorpion's poison

Illustrated notes

Levels and vault maps discovered:
D:1:      psy_arrival_radial01, layout_basic, minmay_worlds_worst_comb
D:2:      layout_basic, nemelex_xobeh_ov_fountains_minmay
D:3:      cheibrodos_old_hovel, layout_basic,
          chequers_temple_overflow_statue_of_worship, uniq_natasha

Skill      XL: |  1  2  3  4  5 |
---------------+----------------+-----
Stealth        | 1 2 |  2.0
Transmutations | 3 4 |  4.0
Unarmed Combat | 4 |  4.6
Poison Magic   | 1 |  1.3
Fighting       | |  1.0
Dodging        | |  2.0
Spellcasting   | |  2.0

Action                   |  1- 3 |  4- 6 || total
-------------------------+-------+-------++-------
Melee: Unarmed           |    67 |    78 ||   145
       Constrict         |    17 |    21 ||    38
       Tentacles         |     9 |     9 ||    18
       Punch             |     1 |     2 ||     3
       Kick              |    10 |     9 ||    19
 Cast: Beastly Appendage |     7 |    11 ||    18
       Sticks to Snakes  |       |     1 ||     1
  Use: Scroll            |       |     2 ||     2
       Potion            |       |     1 ||     1
 Stab: Sleeping          |     8 |     6 ||    14
  Eat: Chunk             |     1 |     9 ||    10
Armor: Skin              |     7 |     8 ||    15
Dodge: Dodged            |    66 |    47 ||   113
